 Dungeon Crawl Stone Soup version 0.28.0-53-g5a82cb258f (webtiles) character file.

Game seed: 17798968698329612777

179 pkoi the Stinger (level 5, -10/38 HPs)
             Began as a Demigod Venom Mage on June 3, 2022.
             Mangled by an ice beast (14 damage)
             ... on level 4 of the Dungeon.
             The game lasted 00:07:32 (6849 turns).

pkoi the Stinger (Demigod Venom Mage)               Turns: 6849, Time: 00:07:33

Health: -10/38     AC:  2    Str: 12    XL:     5   Next: 10%
Magic:  9/11       EV: 12    Int: 25    God:
Gold:   155        SH:  0    Dex: 14    Spells: 2/8 levels left

rFire   . . .      SeeInvis .   c - +2 dagger (drain)
rCold   . . .      Faith    .   (no shield)
rNeg    . . .      Spirit   .   o - +0 robe of the Last Stories {Str+3 Int+4}
rPois   .          Reflect  .   (no helmet)
rElec   .          Harm     .   (no cloak)
rCorr   .          Rampage  .   (no gloves)
Will    .....                   (no boots)
Stlth   ++........              (no amulet)
HPRegen 0.12/turn               (no ring)
MPRegen 0.12/turn               (no ring)

@: no status effects
A: high MP 1, forlorn, divine attributes
a: no special abilities


You were on level 4 of the Dungeon.
You visited 1 branch of the dungeon, and saw 5 of its levels.

You collected 155 gold pieces.

Inventory:

Hand Weapons
 c - a +2 dagger of draining (weapon)
 g - a +1 whip of venom
Missiles
 i - 9 poisoned darts
Armour
 a - a +0 robe
 k - the +0 ring mail "Ocatzik" {Regen+ Str+4}
   (You found it on level 2 of the Dungeon)

   Str:       It affects your strength (+4).
   Regen:     It increases your rate of health regeneration.
 o - the +0 robe of the Last Stories (worn) {Str+3 Int+4}
   (You found it on level 4 of the Dungeon)

   Str:       It affects your strength (+3).
   Int:       It affects your intelligence (+4).
Wands
 m - a wand of paralysis (2)
Scrolls
 b - a scroll of fear
 d - a scroll of fog
 p - a scroll of identify
Potions
 e - a potion of mutation {unknown}
 j - 2 potions of heal wounds
 l - 2 potions of attraction
 n - 3 potions of curing


   Skills:
 + Level 0.1 Fighting
 + Level 1.5 Armour
 - Level 1.7 Dodging
 - Level 1.7 Stealth
 + Level 2.3 Spellcasting
 + Level 1.0 Transmutations
 + Level 0.2 Fire Magic
 + Level 0.2 Air Magic
 * Level 4.8 Poison Magic


You had 2 spell levels left.
You knew the following spells:

 Your Spells              Type           Power      Damage    Failure   Level
a - Sting                 Tmut/Pois      68%        1d6       3%          1
b - Poisonous Vapours     Pois/Air       30%        N/A       6%          2
c - Ignite Poison         Fire/Tmut/Pois 12%        N/A       14%         3

Your spell library contained the following spells:

 Spells                   Type           Power      Damage    Failure   Level
 Freeze                   Ice            8%         1d3       11%         1
 Shock                    Conj/Air       12%        1d3       11%         1
 Olgreb's Toxic Radiance  Pois           26%        N/A       16%         4
 Mephitic Cloud           Conj/Pois/Air  11%        N/A       17%         3
 Conjure Flame            Conj/Fire      3%         6-21      30%         3
 Swiftness                Air            3%         N/A       30%         3
 Frozen Ramparts          Ice            4%         1d2       32%         3
 Airstrike                Air            1%         N/A       69%         4
 Sticky Flame             Conj/Fire      3%         2d3       71%         4
 Hailstorm                Conj/Ice       2%         3d3       73%         4


Dungeon Overview and Level Annotations

Branches:
Dungeon (5/15)             Temple (0/1) D:5


Innate Abilities, Weirdness & Mutations

You have an increased reservoir of magic. (+10% MP)
You shall have no god before yourself.
Your divine heritage dramatically boosts your attributes as you level up.


Message History

Aim: an ice beast (poisoned, 74% to hit)
The sting hits the ice beast but does no damage.
The ice beast looks even sicker.
The ice beast hits you.
* * * LOW HITPOINT WARNING * * *
The ice beast freezes you!
* * * LOW HITPOINT WARNING * * *
Aiming: Sting (safe; 3% risk of failure)
Press: ? - help, Q - select action, (/) - cycle Shift-Dir - straight line, f/p - ice beast
Aim: an ice beast (lightly wounded, very poisoned, 74% to hit)
The sting hits the ice beast but does no damage.
The ice beast looks even sicker.
The ice beast is lightly wounded.
The ice beast barely misses you.
Aiming: Sting (safe; 3% risk of failure)
Press: ? - help, Q - select action, (/) - cycle Shift-Dir - straight line, f/p - ice beast
Aim: an ice beast (heavily wounded, poisoned, 74% to hit)
The sting hits the ice beast but does no damage.
The ice beast looks even sicker.
The ice beast is heavily wounded.
Aiming: Sting (safe; 3% risk of failure)
Press: ? - help, Q - select action, (/) - cycle Shift-Dir - straight line, f/p - ice beast
Aim: an ice beast (severely wounded, poisoned, 74% to hit)
The sting hits the ice beast.
The ice beast partially resists.
The ice beast is severely wounded.
The ice beast hits you.
* * * LOW HITPOINT WARNING * * *
The ice beast freezes you!
* * * LOW HITPOINT WARNING * * *
The ice beast looks more healthy.
Aiming: Sting (safe; 3% risk of failure)
Press: ? - help, Q - select action, (/) - cycle Shift-Dir - straight line, f/p - ice beast
Aim: an ice beast (severely wounded, 74% to hit)
The sting hits the ice beast but does no damage.
The ice beast is poisoned.
The ice beast is severely wounded.
The ice beast hits you.
* * * LOW HITPOINT WARNING * * *
The ice beast freezes you!
You die...

.######.###################.###
.............# #.....# #.#
........####.###.###.# #.#
.#########.......# #.# #.# .#
#.#.#######.######.# .#
#######.#.........#......# .#
#.......#.#...#####.###### .#
#.#......)#.#.# #.# .#
#.#.#####.#.#@# #.# .#
#.#.#...#.#.#Y# #.# .#
#.#.#.#.#.#.#.#####.#
.###.#.#.#.#.#.#.......#
.....#.#.#.#.#.#########
.#####.#.....#.#
.......###.#...#
........<#.#.### .#########.#.#


You could see an ice beast (poisoned).

Vanquished Creatures
  Ijyb (D:3)
  2 adders
  5 gnolls
  A white imp (D:4)
  An ufetubus (D:5)
  An adder skeleton (D:4)
  2 dart slugs
  7 orcs
  3 endoplasms
  A giant cockroach (D:2)
  2 goblins
  6 hobgoblins
  7 kobolds
  3 quokkas
  9 ball pythons
  6 bats
  2 frilled lizards (D:1)
  7 rats
66 creatures vanquished.

Notes
Turn   | Place    | Note
-------+----------+-------------------------------------------
     0 | D:1      | pkoi the Demigod Venom Mage began the quest for the Orb.
     0 | D:1      | Reached XP level 1. HP: 14/14 MP: 5/5
   330 | D:1      | Reached skill level 3 in Poison Magic
   523 | D:1      | Reached XP level 2. HP: 20/20 MP: 2/7
  1522 | D:1      | Noticed a sixfirhy
  2032 | D:2      | Reached XP level 3. HP: 26/26 MP: 5/8
  2128 | D:2      | Reached skill level 4 in Poison Magic
  2162 | D:2      | Identified the +0 ring mail "Ocatzik" {Regen+ Str+4}
  2602 | D:3      | Noticed Ijyb
  2609 | D:3      | Learned a level 2 spell: Poisonous Vapours
  2630 | D:3      | Paralysed by Ijyb for 4 turns
  2638 | D:3      | Paralysed by Ijyb for 7 turns
  2655 | D:3      | Killed Ijyb
  2950 | D:2      | Reached skill level 1 in Armour
  2950 | D:2      | Reached XP level 4. HP: 19/33 MP: 6/9
  4880 | D:4      | Learned a level 3 spell: Ignite Poison
  5084 | D:4      | Identified the +0 robe of the Last Stories {Str+3 Int+4}
  5870 | D:4      | Reached XP level 5. HP: 38/38 MP: 7/11
  6660 | D:5      | Entered Level 5 of the Dungeon
  6660 | D:5      | Found a staircase to the Ecumenical Temple.
  6701 | D:5      | Reached skill level 1 in Transmutations
  6708 | D:5      | Noticed an ice beast
  6849 | D:4      | Mangled by an ice beast

Illustrated notes

Levels and vault maps discovered:
D:1:      lightli_arrival_statue_moat, layout_loops_corners,
          dreamdust_ecumenical_altar_sealed_demon
D:2:      layout_basic
D:3:      layout_loops_cross, uniq_ijyb
D:4:      layout_basic
D:5:      layout_rooms, gammafunk_temple_overflow_arena,
          nicolae_overflow_hidden_temple, temple_fountains

Skill      XL: |  1  2  3  4  5 |
---------------+----------------+-----
Poison Magic   | 3 4 |  4.8
Armour         | 1 |  1.5
Spellcasting   | 2 |  2.3
Transmutations | 1 |  1.0
Fighting       | |  0.1
Dodging        | |  1.7
Stealth        | |  1.7
Fire Magic     | |  0.2
Air Magic      | |  0.2

Action                   |  1- 3 |  4- 6 || total
-------------------------+-------+-------++-------
Melee: Dagger            |     1 |    16 ||    17
       Whip              |     6 |       ||     6
 Cast: Sting             |    77 |    39 ||   116
       Poisonous Vapours |     3 |    25 ||    28
       Ignite Poison     |       |     1 ||     1
  Use: Potion            |     1 |       ||     1
       Scroll            |       |     9 ||     9
Armor: Robe              |     5 |     5 ||    10
       Ring mail         |     3 |       ||     3
Dodge: Dodged            |    34 |    26 ||    60
